 Dungeon Crawl Stone Soup version 0.29-a0-103-g37f86683bf (webtiles) character file.

Game seed: 15300662660711954158

151 kae the Ruffian (level 5, -4/41 HPs)
             Began as a Draconian Transmuter on Feb 15, 2022.
             Slain by an ogre (24 damage)
             ... on level 4 of the Dungeon.
             The game lasted 00:01:40 (4269 turns).

kae the Ruffian (Draconian Transmuter)              Turns: 4269, Time: 00:01:41

Health: -4/41      AC:  5    Str: 18    XL:     5   Next: 10%
Magic:  7/8        EV: 12    Int: 16    God:
Gold:   174        SH:  0    Dex: 11    Spells: 0/8 levels left

rFire   . . .      SeeInvis .     - Unarmed
rCold   . . .      Faith    .   (no shield)
rNeg    . . .      Spirit   .   (armour unavailable)
rPois   .          Reflect  .   (helmet currently unavailable)
rElec   .          Harm     .   (no cloak)
rCorr   .          Rampage  .   (no gloves)
Will    .....                   (boots currently unavailable)
Stlth   +.........              (no amulet)
HPRegen 0.13/turn               a - +6 ring of strength
MPRegen 0.11/turn               (no ring)

@: appendages
A: horns 2, talons 2, AC +5, unfitting armour, cold-blooded
a: End Transformation


You were on level 4 of the Dungeon.
You had temporarily grown beastly horns and talons.
You visited 1 branch of the dungeon, and saw 5 of its levels.

You collected 174 gold pieces.

Inventory:

Jewellery
 a - a +6 ring of strength (left hand)
 h - a ring of see invisible
Scrolls
 c - a scroll of amnesia
 i - a scroll of silence
 j - a scroll of teleportation
Potions
 b - 3 potions of berserk rage {unknown}
 d - 2 potions of flight {unknown}
 e - a potion of heal wounds {unknown}
 f - 2 potions of curing {unknown}


   Skills:
 + Level 1.9 Fighting
 + Level 2.3 Dodging
 * Level 3.9 Unarmed Combat
 + Level 2.4 Spellcasting
 * Level 3.2 Transmutations
 * Level 0.0 Ice Magic
 * Level 1.3 Poison Magic


You couldn't memorise any spells.
You knew the following spells:

 Your Spells              Type           Power      Damage    Failure   Level
a - Beastly Appendage     Tmut           24%        N/A       5%          1
b - Spider Form           Tmut/Pois      9%         N/A       22%         3
c - Ice Form              Ice/Tmut       7%         N/A       71%         4

Your spell library contained the following spells:

 Spells                   Type           Power      Damage    Failure   Level
 Wereblood                Tmut           12%        N/A       8%          2
 Ozocubu's Armour         Ice            1%         N/A       52%         3
 Petrify                  Tmut/Erth      7%         N/A       71%         4
 Leda's Liquefaction      Hex/Erth       0%         N/A       89%         4
 Lee's Rapid Deconstruct  Erth           0%         3d5*      99%         5
 Metabolic Englaciation   Hex/Ice        0%         N/A       99%         5
 Statue Form              Tmut/Erth      4%         N/A       100%        6
 Ozocubu's Refrigeration  Ice            0%         4d5       100%        7


Dungeon Overview and Level Annotations

Branches:
Dungeon (5/15)
 Temple: D:4-7

Altars:
Vehumet


Innate Abilities, Weirdness & Mutations

You have temporarily grown beastly horns and talons.
Your plain brown scales are hard. (AC +5)
You cannot fit into any form of body armour.
You are cold-blooded and may be slowed by cold attacks.


Message History

You add the spells Leda's Liquefaction and Lee's Rapid Deconstruction to your library.
Casting: Beastly Appendage (safe; 5% risk of failure)
Confirm with . or Enter, or press ? or * to list all spells.
You grow a pair of large bovine horns.
Your feet morph into talons.
A ball python comes into view.
The ball python hisses angrily.
You closely miss the ball python. You claw the ball python.
You kill the ball python!
The adder skeleton bites you.
You closely miss the adder skeleton. Your kick misses the adder skeleton.
You headbutt the adder skeleton!
The adder skeleton is heavily damaged.
The adder skeleton bites you.
You hit the adder skeleton. You claw the adder skeleton.
You destroy the adder skeleton!
No target in view!
No target in view!
Okay, then.
Unknown command.
Your transformation is almost over.
Magic restored.
Your horns disappear.
Your talons disappear.
HP restored.
A goblin and an ogre come into view.
The goblin is carrying a wand of flame (9).
The ogre moves out of view.
A goblin is nearby!
A goblin is nearby!
A goblin is nearby!
A goblin is nearby!
The ogre hits you with a +0 giant club!!
Ouch! That really hurt!
You are too injured to fight recklessly!
Casting: Beastly Appendage (safe; 5% risk of failure)
Confirm with . or Enter, or press ? or * to list all spells.
You grow a pair of large bovine horns.
Your feet morph into talons.
The goblin zaps a wand.
The puff of flame misses you.
The ogre hits you with a +0 giant club!!
Ouch! That really hurt!
You die...

#.....#..........,*,,,,,,,,,,**,,
.<.............,,.......,,,,*,,,*
##....#.##..##,,,.......,,,,,,,,,
......#.....##***.....##,,,<,,,,,
....#........###*....$..,,,,,,,,*
....##.........#*.......,,,,,****
....##...#.....##.......,,,,,,**
.....##..#..............,,,,,,,*
........##..####@#.....,,,,,,,,*
*,,,.......##*#O........,,,,,,***
,,,........#*.....#.....,,,,****,
,,*......................#,,,*,,,
,,,,,,.......##.#g_.*....#,*,,,,,
,,***,*,,...###......,#..,,*,*,,,
,,**,,*,,...*#....#...*.#***,*,**
,,**,,*,,#.,,.........#.###,,*,,*
,,,*,,,,***,,....ยงยงยง##....##,,,,*


You could see an ogre and a goblin.

Vanquished Creatures
  A hound (D:4)
  An orc wizard (D:3)
  4 adders
  An adder skeleton (D:4)
  4 orcs
  8 ball pythons
  6 bats
  7 endoplasms
  3 giant cockroaches
  2 goblins
  4 hobgoblins
  4 quokkas
  A frilled lizard (D:3)
  5 kobolds
  2 rats
53 creatures vanquished.

Notes
Turn   | Place    | Note
-------+----------+-------------------------------------------
     0 | D:1      | kae the Draconian Transmuter began the quest for the Orb.
     0 | D:1      | Reached XP level 1. HP: 16/16 MP: 3/3
   490 | D:1      | Reached XP level 2. HP: 15/23 MP: 3/5
  1276 | D:2      | Found a faded altar of an unknown god.
  1819 | D:2      | Reached XP level 3. HP: 25/28 MP: 4/6
  1823 | D:2      | Learned a level 3 spell: Spider Form
  2624 | D:3      | Reached XP level 4. HP: 7/35 MP: 4/7
  2952 | D:3      | You fall into a shaft and drop 2 floors!
  2952 | D:5      | Entered Level 5 of the Dungeon
  2972 | D:4      | Reached skill level 1 in Poison Magic
  3560 | D:3      | Reached XP level 5. HP: 32/41 MP: 6/8
  3871 | D:3      | Learned a level 4 spell: Ice Form
  4018 | D:4      | Found a radiant altar of Vehumet.
  4267 | D:4      | Noticed an ogre
  4269 | D:4      | Slain by an ogre

Illustrated notes

Levels and vault maps discovered:
D:1:      evilmike_arrival_rings, layout_basic, chequers_serial_rivers_micro_b
D:2:      layout_basic, hellmonk_ecumenical_altar_leap_of_faith
D:3:      layout_basic
D:4:      layout_cave_pools, vehumet_altar_wand_db
D:5:      layout_cave_pods, minmay_temple_entry_hall

Skill      XL: |  1  2  3  4 |
---------------+-------------+-----
Dodging        | 2 |  2.3
Transmutations | 3 |  3.2
Poison Magic   | 1 |  1.3
Fighting       | |  1.9
Unarmed Combat | |  3.9
Spellcasting   | |  2.4

Action                   |  1- 3 |  4- 6 || total
-------------------------+-------+-------++-------
Melee: Unarmed           |   108 |    57 ||   165
       Tailslap          |    12 |     7 ||    19
       Headbutt          |     6 |     4 ||    10
       Kick              |     9 |     7 ||    16
       Punch             |       |     1 ||     1
 Cast: Beastly Appendage |    19 |    12 ||    31
       Spider Form       |     1 |     1 ||     2
  Use: Scroll            |     3 |     5 ||     8
 Stab: Sleeping          |     1 |       ||     1
Armor: Skin              |    32 |    11 ||    43
Dodge: Dodged            |    90 |    49 ||   139

Table legend: (Time is in decaauts)
 A = Elapsed time spent in this place.
 B = Non-inter-level travel time spent in this place.
 C = Inter-level travel time spent in this place.
 D = Time resting spent in this place.
 E = Time spent auto-exploring this place.
 F = Levels seen in this place.
 G = Mean time per level.
                   A        B        C        D        E       F      G
               +--------+--------+--------+--------+--------+-----+--------+
         Total |   4262 |   4055 |    207 |    490 |   3108 |   5 |  852.4 |
       Dungeon |   4262 |   4055 |    207 |    490 |   3108 |   5 |  852.4 |
               +--------+--------+--------+--------+--------+-----+--------+

Top non-repeatable levels by time:
     D:3: 1818 daAuts
     D:2: 1131 daAuts
     D:1: 1094 daAuts
     D:4: 213 daAuts
     D:5: 3 daAuts
